 Dungeon Crawl Stone Soup version 0.19.4-9-g45fd643 (webtiles) character file.

621 tersenurse the Sneak (level 7, -1/49 HPs)
             Began as an Octopode Monk on Feb 16, 2017.
             Slain by a wight
             ... wielding a +0 spear
              (4 damage)
             ... on level 4 of the Dungeon.
             The game lasted 01:03:36 (3526 turns).

tersenurse the Sneak (Octopode Monk)                Turns: 3526, Time: 01:03:36

Health: -1/49      AC:  1    Str: 11    XL:     7   Next: 46%
Magic:  7/7        EV: 12    Int: 12    God:
Gold:   168        SH:  7    Dex: 16    Spells: 0 memorised, 6 levels left

rFire  . . .     SeeInvis .     a - +1 short sword (venom)
rCold  . . .     Gourm    .     c - +0 shield
rNeg   . . .     Faith    .     (helmet restricted)
rPois  .         Spirit   .     (no amulet)
rElec  .         Reflect  .     i - ring of stealth
rCorr  .         Harm     .     (no ring)
MR     .....                    (no ring)
Stlth  ++++++....               (no ring)
                                (no ring)
                                (no ring)
                                (no ring)
                                (no ring)

@: exhausted, slowed, drained, very slow
A: almost no armour, stealthy swim, amphibious, 8 rings, constrict 8, camouflage
1, gelatinous body 1
a: no special abilities


You were on level 4 of the Dungeon.
You were not hungry.

You visited 1 branch of the dungeon, and saw 4 of its levels.

You collected 168 gold pieces.

Inventory:

Hand Weapons
 a - a +1 short sword of venom (weapon)
 e - a +0 dagger
Armour
 c - a +0 shield (worn)
Jewellery
 i - a ring of stealth (left tentacle)
 m - an uncursed ring of see invisible {unknown}
Scrolls
 f - 2 scrolls of teleportation
Potions
 g - 2 potions of lignification
 j - a potion of might {unknown}
Comestibles
 b - 3 bread rations
 k - a meat ration


   Skills:
 + Level 4.4(3.9) Fighting
 + Level 4.8(4.2) Short Blades
 + Level 4.5(4.0) Dodging
 + Level 7.4(6.8) Stealth


You had 6 spell levels left.
You didn't know any spells.

Dungeon Overview and Level Annotations

Branches:
Dungeon (4/15)
 Temple: D:4-7

Altars:


Innate Abilities, Weirdness & Mutations

You cannot wear most types of armour.
You are very stealthy in the water. (Stealth+)
You are amphibious.
You can wear up to eight rings at the same time.
You can use your tentacles to constrict eight enemies at once.
Your skin changes colour to match your surroundings (Stealth+).
Your rubbery body absorbs attacks. (AC +1, EV +1)


Message History

Your transformation is almost over.
The wight hits you but does no damage. x2
The wight hits you but does no damage. The wight hits you but does no damage.
The wight barely misses you. The wight hits you but does no damage.
The wight hits you but does no damage. x2
The wight hits you but does no damage.
You feel less woody. The wight hits you but does no damage.
The wight closely misses you. You block the wight's attack.
Items here: )) [[ a hand axe; a robe; an enchanted flail; a robe You hit the wight but do no damage.
You grab the wight. You constrict the wight. The wight barely misses you.
The wight hits you with a spear.
* * * LOW HITPOINT WARNING * * *
You hit the wight. You squeeze the wight.
The wight is moderately damaged.
You constrict the wight. The wight hits you with a spear.
You die...

### ....## #.. .#... #
#.# .... .# #.. ..##
##.# ... z.. ##.#.
#.##.#%.# z. ...a ...).
... #...# .#s..#
...#..#.##.##@#####....#
......#.## #.z.....#
#........ ##....###
#.....#.#### #....#
#....รท..<# #.####
#........###.###
#.....)........#
#.........##.#.#
#.........##...#


You could see a wight.

Vanquished Creatures
  Sigmund (D:2)
  Duvessa (D:4)
  Dowan (D:4)
  2 wights (D:4)
  Terence (D:3)
  An iguana (D:3)
  Robin (D:2)
  4 gnolls (D:2)
  3 adders
  An ooze (D:3)
  A worm (D:2)
  2 dart slugs
  3 leopard geckos
  3 orcs (D:3)
  4 giant cockroaches
  19 goblins
  4 hobgoblins
  5 jackals
  8 kobolds
  A quokka (D:3)
  A ball python (D:2)
  6 bats
  10 rats
83 creatures vanquished.

Notes
Turn   | Place    | Note
-------+----------+-------------------------------------------
     0 | D:1      | tersenurse the Octopode Monk began the quest for the Orb.
     0 | D:1      | Reached XP level 1. HP: 16/16 MP: 1/1
   254 | D:1      | Reached XP level 2. HP: 21/21 MP: 2/2
   452 | D:1      | Reached skill level 3 in Stealth
   489 | D:1      | Reached XP level 3. HP: 24/26 MP: 3/3
   980 | D:2      | Noticed Sigmund
  1014 | D:2      | Noticed Robin
  1021 | D:2      | Killed Robin
  1025 | D:2      | Reached XP level 4. HP: 4/31 MP: 4/4
  1369 | D:2      | Killed Sigmund
  1369 | D:2      | Reached skill level 5 in Stealth
  1369 | D:2      | Reached XP level 5. HP: 37/37 MP: 5/5
  1480 | D:2      | Reached XP level 6. HP: 20/43 MP: 6/6
  2909 | D:3      | Noticed Terence
  2915 | D:3      | Killed Terence
  2915 | D:3      | Reached skill level 6 in Stealth
  3231 | D:4      | Noticed Duvessa
  3231 | D:4      | Noticed Dowan
  3249 | D:4      | Killed Duvessa
  3249 | D:4      | Reached XP level 7. HP: 27/48 MP: 7/7
  3254 | D:4      | Killed Dowan
  3254 | D:4      | Reached skill level 7 in Stealth
  3525 | D:4      | HP: 2/49 [wight/spear (6)]
  3526 | D:4      | Slain by a wight

Skill      XL: |  1  2  3  4  5  6  7 |
---------------+----------------------+-----
Stealth        | 3 5 6 7 |  7.4
Short Blades   | 4 |  4.8
Fighting       | 4 |  4.4
Dodging        | 4 |  4.5

Action                   |  1- 3 |  4- 6 |  7- 9 || total
-------------------------+-------+-------+-------++-------
Melee: Short sword       |     9 |       |    15 ||    24
       Constrict         |    26 |    23 |     4 ||    53
       Tentacles         |    12 |    28 |     4 ||    44
       Dagger            |    73 |   109 |       ||   182
  Use: Scroll            |     4 |     4 |       ||     8
       Potion            |       |     3 |     3 ||     6
 Stab: Sleeping          |     7 |    11 |       ||    18
  Eat: Meat ration       |       |     1 |       ||     1
       Fruit             |       |     4 |       ||     4
       Pizza             |       |     1 |       ||     1
Armor: Skin              |       |     5 |    18 ||    23
Dodge: Dodged            |    47 |    58 |     7 ||   112
Block: Shield            |       |       |    11 ||    11
